 Dungeon Crawl Stone Soup version 0.18.1-48-g4cf74bf (webtiles) character file.

927 dvd the Destroyer (level 8, -3/43 HPs)
             Began as a Tengu Conjurer on Aug 1, 2016.
             Slain by a wraith (7 damage)
             ... in an ossuary.
             The game lasted 00:18:15 (4890 turns).

dvd the Destroyer (Tengu Conjurer)                  Turns: 4890, Time: 00:18:16

Health: -3/43      AC:  3    Str:  9    XL:     8   Next: 10%
Magic:  1/15       EV: 14    Int: 17    God:
Gold:   118        SH:  6    Dex: 19    Spells: 4 memorised, 5 levels left

rFire  . . .     SeeInvis .     n - +1 lightning rod (1/12)
rCold  + . .     Gourm    .     x - +0 leather armour "Erghid" {rC+ Dex+4} (curse)
rNeg   . . .     Faith    .     (no shield)
rPois  .         Spirit   .     (helmet restricted)
rElec  .         Dismiss  .     (no cloak)
rCorr  .         Reflect  +     (no gloves)
SustAt .         Harm     .     (boots unavailable)
MR     .....                    l - +6 amulet of reflection
Stlth  +++.......               (no ring)
                                (no ring)

@: slowed, drained, very slow, not resistant to hostile enchantments, fairly
stealthy
A: beak, talons 3, able to fly 1
a: Fly


You were in an ossuary.
You were hungry.

You visited 1 branch of the dungeon, and saw 5 of its levels.
You also visited: Ossuary.

You collected 164 gold pieces.
You spent 46 gold pieces at shops.

Inventory:

Hand Weapons
 q - a +0 dagger of electrocution
 t - a +1 falchion of slicing
 y - a +1 war axe
 D - a +1 scimitar of slicing
Armour
 u - a +2 leather armour of cold resistance
 x - the cursed +0 leather armour "Erghid" (worn) {rC+ Dex+4}
   (You found it on level 5 of the Dungeon)

   It affects your dexterity (+4).
   It protects you from cold.
   It has a curse placed upon it.
Rods
 n - a +1 lightning rod (1/12) (in hand)
   (You found it on level 2 of the Dungeon)
Jewellery
 l - a +6 amulet of reflection (around neck)
Scrolls
 e - 2 scrolls of enchant armour {unknown}
 f - 2 scrolls of teleportation {unknown}
 g - 2 scrolls of identify
 j - 2 scrolls of recharging
 B - 2 scrolls of remove curse
 C - a scroll of immolation {unknown}
Potions
 a - a potion of magic {unknown}
 d - 2 potions of invisibility {unknown}
 h - a potion of ambrosia {unknown}
 i - a potion of flight {unknown}
 k - a potion of degeneration {unknown}
 m - 4 potions of agility {unknown}
 r - 2 potions of cancellation {unknown}
 v - 3 potions of curing
 w - 2 potions of might {unknown}
Books
 b - a book of Conjurations

   Spells                             Type                      Level
   a - Magic Dart                     Conjuration                  1
   b - Searing Ray                    Conjuration                  2
   c - Dazzling Spray                 Conjuration/Hexes            3
   d - Fulminant Prism                Conjuration/Hexes            4
   e - Iskenderun's Mystic Blast      Conjuration                  4
   f - Iskenderun's Battlesphere      Conjuration/Charms           5
Comestibles
 c - 3 bread rations
 o - 2 meat rations
 s - 3 royal jellies
 A - a slice of pizza


   Skills:
 + Level 1.2(1.0) Fighting
 + Level 2.0(1.8) Armour
 + Level 4.2(4.1) Dodging
 + Level 3.9(3.7) Stealth
 + Level 0.4(0.3) Unarmed Combat
 + Level 4.3(4.1) Spellcasting
 + Level 8.4(8.2) Conjurations
 + Level 0.1(0.0) Hexes
 + Level 2.4(2.3) Evocations


You had 5 spell levels left.
You knew the following spells:

 Your Spells              Type           Power        Failure   Level  Hunger
a - Magic Dart            Conj           ####         1%          1    None
b - Searing Ray           Conj           ####..       1%          2    ##.....
c - Dazzling Spray        Conj/Hex       ###...       14%         3    ###....
d - Iskenderun's Mystic   Conj           ####....     10%         4    ####...


Dungeon Overview and Level Annotations

Branches:
Dungeon (5/15)
 Temple: D:4-7

Altars:
Ashenzari
Makhleb
Nemelex Xobeh

Shops:
D:4 [


Innate Abilities, Weirdness & Mutations

You have a beak for a mouth.
You have claws for feet.
You can fly.


Message History

You feel as though you will be slow longer.
Wield which item (- for none, * to show all)? (? for menu, Esc to quit)
Okay, then.
Unknown command.
Wield which item (- for none, * to show all)? (? for menu, Esc to quit)
n - a +1 lightning rod (3/12) (in hand)
The wraith misses you.
Aiming: Thunderbolt
Press: ? - help, Shift-Dir - straight line, f/p - wraith
Aim: a wraith (moderately damaged)
The lightning hits the wraith.
The wraith is severely damaged.
You hear a hideous shriek! x3
The wraith completely misses you.
Something unseen opens the door.
The wraith hits you.
* * * LOW HITPOINT WARNING * * *
Unknown command.
A wraith comes into view.
The wraith hits you!
You die...

#'# #.# ###.###
#z▓.▓W# ###.###
#.#
#######'#######
#..W..........#
#@W##.###.##).#
#.#.#.# #.#.#.#
#.###.###.###.#
#.............#
#.............#
#.###.....###.#
#.# #.....#z#.#
#.###..?..###.#
#.............#


You could see 2 wraiths.

Vanquished Creatures
  The ghost of eragonby the Conjurer, an amateur HECj (D:4)
  A black bear (D:4)
  Blork the orc (D:4)
  A scorpion (D:4)
  4 wights (Ossuary)
  A crimson imp (D:4)
  An orc priest (D:3)
  Jessica (D:2)
  Terence (D:2)
  3 worker ants
  A worker ant zombie (D:3)
  7 adders
  An ooze (D:1)
  An adder zombie (D:4)
  3 worms
  6 giant geckos
  7 orcs
  A ball python (D:4)
  6 bats
  5 giant cockroaches
  13 goblins
  11 hobgoblins
  2 jackals (D:4)
  13 kobolds
  2 quokkas
  2 ball python skeletons (Ossuary)
  A giant gecko skeleton (D:4)
  3 giant newts
  2 hobgoblin skeletons (Ossuary)
  A kobold zombie (Ossuary)
  3 orc zombies (Ossuary)
  3 rats
109 creatures vanquished.

Notes
Turn   | Place    | Note
--------------------------------------------------------------
     0 | D:1      | dvd the Tengu Conjurer began the quest for the Orb.
     0 | D:1      | Reached XP level 1. HP: 10/10 MP: 4/4
   245 | D:1      | Reached XP level 2. HP: 15/15 MP: 3/6
   420 | D:1      | Found a sparkling altar of Nemelex Xobeh.
   424 | D:1      | Learned a level 2 spell: Searing Ray
   482 | D:1      | Reached skill level 6 in Conjurations
   531 | D:1      | Reached XP level 3. HP: 14/19 MP: 0/7
  1031 | D:2      | Learned a level 3 spell: Dazzling Spray
  1108 | D:2      | Noticed Jessica
  1133 | D:2      | Killed Jessica
  1133 | D:2      | Reached XP level 4. HP: 12/24 MP: 0/8
  1521 | D:2      | Noticed Terence
  1527 | D:2      | Killed Terence
  1527 | D:2      | Gained mutation: You can fly. [Tengu growth]
  1527 | D:2      | Reached XP level 5. HP: 28/28 MP: 4/10
  2887 | D:3      | Reached skill level 7 in Conjurations
  2914 | D:3      | Found a shattered altar of Ashenzari.
  3123 | D:3      | Reached XP level 6. HP: 33/33 MP: 11/11
  3366 | D:4      | Learned a level 4 spell: Iskenderun's Mystic Blast
  3459 | D:4      | Found Naojouwyo's Antique Armour Shop.
  3468 | D:4      | Bought a runed leather armour for 46 gold pieces
  3477 | D:4      | Noticed eragonby's ghost (amateur HECj)
  3584 | D:4      | Killed eragonby's ghost
  3584 | D:4      | Reached skill level 1 in Fighting
  3584 | D:4      | Reached skill level 1 in Evocations
  3713 | D:4      | Reached XP level 7. HP: 29/38 MP: 9/13
  3796 | D:4      | Reached skill level 1 in Armour
  3929 | D:4      | Found a burning altar of Makhleb.
  4159 | D:4      | Noticed Blork the orc
  4167 | D:4      | Killed Blork the orc
  4167 | D:4      | Reached skill level 8 in Conjurations
  4534 | D:5      | Entered Level 5 of the Dungeon
  4552 | D:5      | Found a sand-covered staircase.
  4564 | D:5      | Got a pitted leather armour
  4585 | Ossuary  | Entered an ossuary
  4630 | Ossuary  | Reached XP level 8. HP: 32/43 MP: 15/15
  4787 | Ossuary  | Noticed a flying skull
  4787 | Ossuary  | Noticed a wraith
  4793 | Ossuary  | Noticed a flying skull
  4821 | Ossuary  | Noticed a flying skull
  4862 | Ossuary  | Identified the cursed +0 leather armour "Erghid" {rC+ Dex+4} (You found it on level 5 of the Dungeon)
  4867 | Ossuary  | Noticed a wraith
  4889 | Ossuary  | Noticed a wraith
  4890 | Ossuary  | Slain by a wraith

Skill      XL: |  1  2  3  4  5  6  7  8 |
---------------+-------------------------+-----
Conjurations   | 6 7 8 |  8.4
Stealth        | 3 |  3.9
Spellcasting   | 3 4 |  4.3
Fighting       | 1 |  1.2
Dodging        | 3 4 |  4.2
Evocations     | 1 2 |  2.4
Armour         | 1 2 |  2.0
Unarmed Combat | |  0.4
Hexes          | |  0.1

Action                   |  1- 3 |  4- 6 |  7- 9 || total
-------------------------+-------+-------+-------++-------
Melee: Unarmed           |    12 |    16 |       ||    28
       Kick              |     3 |     3 |       ||     6
       Peck              |     2 |     3 |     1 ||     6
       Short sword       |       |       |     1 ||     1
       Falchion          |       |       |     1 ||     1
 Cast: Magic Dart        |    55 |    73 |    26 ||   154
       Dazzling Spray    |     1 |       |     2 ||     3
       Searing Ray       |       |     7 |    10 ||    17
Evoke: Rod               |       |    19 |    16 ||    35
  Use: Scroll            |       |     6 |     1 ||     7
       Potion            |       |       |     2 ||     2
 Stab: Sleeping          |     1 |     2 |     2 ||     5
  Eat: Chunk             |     1 |    11 |     4 ||    16
       Fruit             |       |       |     1 ||     1
Armor: Robe              |       |     7 |       ||     7
       Leather armour    |       |       |     6 ||     6
Dodge: Dodged            |    17 |    25 |    30 ||    72
Block: Other             |       |     6 |    13 ||    19
       Reflection        |       |       |     1 ||     1
